 Dungeon Crawl Stone Soup version 0.31-a0-354-g827e0957a7 (webtiles) character file.

Game seed: 15318681395754856881

2643 themarg the Destroyer (level 9, -2/48 (52) HPs)
             Began as a Tengu Conjurer on July 23, 2023.
             Was an Elder of Vehumet.
             Slain by a wight
             ... wielding a +4 halberd of freezing
              (4 damage)
             ... on level 7 of the Dungeon.
             The game lasted 00:25:19 (7818 turns).

themarg the Destroyer (Tengu Conjurer)              Turns: 7818, Time: 00:25:20

HP:   -2/48 (52)    AC:  2    Str:  9    XL:     9   Next: 62%
MP:   0/17          EV: 14    Int: 22    God:    Vehumet [****..]
Gold: 181           SH:  0    Dex: 12    Spells: 2/18 levels left

rFire   . . .        m - +2 whip (elec)
rCold   . . .        (no shield)
rNeg    . . .        a - +0 robe
rPois   .            (helmet restricted)
rElec   .            (no cloak)
rCorr   .            (no gloves)
SInv    .            (boots unavailable)
Will    .....        (no amulet)
Stlth   ++           f - ring of wizardry
HPRegen 0.28/turn    (no ring)
MPRegen 0.15/turn

%: wizardry (x1)
@: flying quickly and evasively, drained, quick
A: beak, talons 3, nimble flight
a: Renounce Religion


You were on level 7 of the Dungeon.
You worshipped Vehumet.
Vehumet was greatly pleased with you.
You visited 2 branches of the dungeon, and saw 8 of its levels.
You also visited: Sewer.

You collected 181 gold pieces.

Inventory:

Hand Weapons
 d - a +0 dagger
 m - a +2 whip of electrocution (weapon)
 C - a +5 dagger
Missiles
 c - 49 stones
 l - 16 poisoned darts
Armour
 a - a +0 robe (worn)
 h - a +0 buckler
 z - +0 steam dragon scales
Jewellery
 f - a ring of wizardry (left hand)
 i - an amulet of faith
Talismans
 k - a beast talisman
Wands
 y - a wand of polymorph (5)
 B - a wand of mindburst (10)
Scrolls
 e - 5 scrolls of fog
 n - 2 scrolls of amnesia
 r - a scroll of noise {unknown}
 s - 2 scrolls of immolation
 u - a scroll of vulnerability {unknown}
 v - a scroll of teleportation {unknown}
 x - a scroll of torment {unknown}
Potions
 b - a potion of might
 g - 2 potions of curing
 j - 3 potions of cancellation
 o - 2 potions of heal wounds
 p - a potion of enlightenment
 q - a potion of lignification
 t - a potion of attraction
 w - a potion of resistance {unknown}


   Skills:
 + Level 4.5 Fighting
 - Level 2.1 Dodging
 - Level 3.0 Stealth
 + Level 4.3 Shields
 - Level 5.0 Spellcasting
 - Level 9.7 Conjurations
 - Level 4.0 Hexes
 - Level 3.6 Translocations


You had 2 spell levels left.
You knew the following spells:

 Your Spells              Type           Power      Damage    Failure   Level
a - Magic Dart            Conj           100%       1d8       1%          1
b - Searing Ray           Conj           96%        2d7       1%          2
c - Iskenderun's Mystic   Conj/Tloc      34%        2d8       1%          4
d - Fulminant Prism       Conj/Hex       17%        3d10      1%          4
e - Fireball              Conj/Fire      13%        3d7       4%          5

Your spell library contained the following spells:

 Spells                   Type           Power      Damage    Failure   Level
 Dazzling Flash           Conj/Hex       70%        N/A       1%          3


Dungeon Overview and Level Annotations

Branches:
Dungeon (7/15)             Temple (1/1) D:4           Sewer (visited)

Altars:
Ashenzari
Cheibriados
Dithmenos
Elyvilon
Gozag
Hepliaklqana
Kikubaaqudgha
Makhleb
Nemelex Xobeh
Okawaru
Ru
Sif Muna
Trog
Uskayaw
Vehumet
Wu Jian
Xom
Zin

Shops:
D:5 :

Annotations:
D:4 Pargi
D:6 1 runed translucent door, exclusion: door, Crazy Yiuf
Temple 4 transporters


Innate Abilities, Weirdness & Mutations

You have a beak for a mouth.
You have claws for feet.
Your magical nature lets you fly swiftly and evasively.


Message History

You destroy the wight!
Vehumet accepts your kill.
A hound comes into view.
There is a stone staircase leading up here.
Aiming: Searing Ray (safe; 1% risk of failure)
Press: ? - help, Shift-Dir - straight line, f - hound
Aim: a hound (wandering, hasn't noticed you, 76% to hit)
The searing ray misses the hound. (Press . to maintain the ray.)
The hound barks!
You hear a shout!
The searing ray hits the hound.
The hound is moderately wounded.
A wight comes into view.
It is wielding a +4 halberd of freezing.
The searing ray hits the hound.
The hound is severely wounded.
The searing ray hits the hound.
The hound is almost dead.
You finish channelling your searing ray.
The hound misses you. The hound bites you.
Aiming: Searing Ray (safe; 1% risk of failure)
Press: ? - help, Shift-Dir - straight line, f/p - hound
Aim: a hound (almost dead, 76% to hit)
The searing ray hits the hound!
You kill the hound!
Vehumet accepts your kill.
You feel your power returning.
The searing ray hits the wight.
The wight is lightly damaged. (Press . to maintain the ray.)
The searing ray hits the wight but does no damage.
The wight is lightly damaged.
The wight closely misses you.
The searing ray hits the wight!
The wight is heavily damaged.
The wight hits you from afar with a +4 halberd of freezing!
You feel drained. The wight freezes you!
* * * LOW HITPOINT WARNING * * *
The wight hits you from afar with a +4 halberd of freezing!
* * * LOW HITPOINT WARNING * * *
You feel drained. The wight freezes you.
You die...

.... .....
#....# .....
#... #..#####
. #...@.# z.
##..### ...###
##z..##
...)..##.....#
..*....#....##
.......z.)..#
...?........#
............#
............#


You could see 2 wights.

Vanquished Creatures
  Maggie (D:6)
  Prince Ribbit (D:5)
  Grinder (D:5)
  Menkaure (D:6)
  A water moccasin (D:6)
  A sky beast (D:6)
  2 ogres
  A centaur (D:6)
  3 kobold brigands
  A bullfrog (D:6)
  7 wights
  A howler monkey (D:6)
  A jelly (D:6)
  3 hounds
  A quasit (D:5)
  2 orc priests
  6 orc wizards
  Natasha (thrice) (D:3)
  3 iguanas (D:5)
  Robin (D:3)
  4 adders
  A river rat (Sewer)
  4 white imps (D:5)
  3 ufetubi (D:5)
  4 worms
  3 dart slugs (D:2)
  16 orcs
  9 bats
  7 endoplasms
  3 giant cockroaches
  16 goblins
  10 hobgoblins
  9 jackals
  18 kobolds
  3 quokkas
  9 ball pythons
  A frilled lizard (D:3)
  16 rats
  A fulminant prism (D:6)
178 creatures vanquished.

Vanquished Creatures (others)
  4 fulminant prisms
4 creatures vanquished.

Grand Total: 182 creatures vanquished

Notes
Turn   | Place    | Note
-------+----------+-------------------------------------------
     0 | D:1      | themarg the Tengu Conjurer began the quest for the Orb.
     0 | D:1      | Reached XP level 1. HP: 10/10 MP: 4/4
   161 | D:1      | Reached XP level 2. HP: 15/15 MP: 0/6
   164 | D:1      | Learned a level 2 spell: Searing Ray
   644 | D:1      | Reached XP level 3. HP: 19/19 MP: 1/7
   707 | D:1      | Found a faded altar of an unknown god.
   715 | D:1      | Prayed at the altar of an unknown god.
   715 | D:1      | Became a worshipper of Vehumet
   715 | D:1      | Reached * piety under Vehumet
   715 | D:1      | Offered knowledge of Kiss of Death by Vehumet.
   956 | D:1      | Reached skill level 6 in Conjurations
  1841 | D:2      | Reached XP level 4. HP: 24/24 MP: 6/8
  2320 | D:3      | Reached ** piety under Vehumet
  2320 | D:3      | Offered knowledge of Scorch by Vehumet.
  2321 | D:3      | Reached skill level 7 in Conjurations
  2526 | D:3      | Gained mutation: Your magical nature lets you fly swiftly
                  | and evasively. [Tengu growth]
  2526 | D:3      | Reached XP level 5. HP: 22/28 MP: 7/9
  2558 | D:3      | Reached skill level 8 in Conjurations
  2567 | D:3      | Found a glowing drain.
  2588 | Sewer    | Entered a sewer
  2689 | Sewer    | Offered knowledge of Frozen Ramparts by Vehumet.
  2736 | Sewer    | Noticed a kobold brigand
  2744 | Sewer    | Killed a kobold brigand
  2745 | Sewer    | Reached XP level 6. HP: 26/32 MP: 3/10
  2779 | Sewer    | Reached skill level 9 in Conjurations
  2915 | Sewer    | Found a white marble altar of Elyvilon.
  3087 | D:3      | Noticed Robin
  3092 | D:3      | Killed Robin
  3104 | D:3      | Noticed Natasha
  3119 | D:3      | Reached *** piety under Vehumet
  3323 | D:3      | Killed Natasha
  3362 | D:3      | Noticed Natasha
  3367 | D:3      | Killed Natasha
  3413 | D:3      | Noticed Natasha
  3419 | D:3      | Killed Natasha
  3420 | D:3      | Reached skill level 1 in Translocations
  3455 | D:3      | Reached skill level 1 in Fighting
  3677 | D:3      | Found a snail-covered altar of Cheibriados.
  3759 | D:3      | Learned a level 4 spell: Iskenderun's Mystic Blast
  3827 | D:4      | You are sucked into a shaft and drop 1 floor!
  3827 | D:5      | Entered Level 5 of the Dungeon
  3869 | D:5      | Offered knowledge of Flame Wave by Vehumet.
  3870 | D:5      | Reached XP level 7. HP: 38/38 MP: 4/11
  4062 | D:5      | Noticed a walking crystal tome
  4064 | D:5      | Found Wauch's Book Boutique.
  4066 | D:5      | Noticed a walking crystal tome
  4148 | D:5      | Reached skill level 1 in Hexes
  4742 | D:4      | Found a staircase to the Ecumenical Temple.
  4802 | D:4      | Noticed Pargi
  4846 | D:4      | Found a shimmering blue altar of Sif Muna.
  5256 | Temple   | Found a transporter.
  5256 | Temple   | Found a transporter.
  5256 | Temple   | Found a transporter.
  5256 | Temple   | Found a transporter.
  5256 | Temple   | Entered the Ecumenical Temple
  5286 | D:5      | Noticed Prince Ribbit
  5374 | D:5      | Found an ancient bone altar of Kikubaaqudgha.
  5584 | D:5      | Killed Prince Ribbit
  5585 | D:5      | Reached XP level 8. HP: 25/43 MP: 9/12
  5658 | D:5      | Noticed Grinder
  5764 | D:5      | Killed Grinder
  5845 | D:5      | Reached **** piety under Vehumet
  6025 | D:5      | Learned a level 4 spell: Fulminant Prism
  6034 | D:6      | Noticed Maggie
  6107 | D:6      | Noticed Menkaure
  6111 | D:6      | Killed Menkaure
  6521 | D:6      | Killed Maggie
  6698 | D:6      | Reached XP level 9. HP: 42/51 MP: 1/13
  6860 | D:6      | Offered knowledge of Fireball by Vehumet.
  7195 | D:6      | Reached skill level 5 in Spellcasting
  7201 | D:6      | Learned a level 5 spell: Fireball
  7545 | D:6      | Identified the +0 pair of boots "Ycziqah" {-Cast rF++ rN+
                  | Dex+4}
  7660 | D:6      | Found a runed translucent door.
  7661 | D:6      | Noticed Crazy Yiuf
  7818 | D:7      | HP: 2/50 [wight/+4 halberd of freezing (12)]
  7818 | D:7      | Slain by a wight

Illustrated notes

Levels and vault maps discovered:
D:1:      dpeg_arrival_subterranean_lakeside_camping, layout_basic,
          chequers_ecumenical_altar_simple
D:2:      layout_basic, chequers_serial_rivers_micro_d,
          minmay_misc_feat_nine_boxes
D:3:      layout_rooms, lemuel_coloured_pillars_altar,
          cheibrodos_sewer_entry_drain, uniq_natasha, uniq_robin
D:4:      layout_basic, led_sif_pool, minmay_temple_entry_statues_fountains,
          uniq_pargi
D:5:      layout_cave_pools, old_standard_altar, serial_demonic,
          serial_demonic_a, serial_demonic_c, serial_demonic_c,
          serial_demonic_b, serial_demonic_c, serial_demonic_f,
          serial_demonic_c, serial_demonic_b, serial_shops,
          nicolae_shop_mannequins, uniq_grinder, uniq_prince_ribbit1
D:6:      layout_cave_pools, grunt_decor_mini_mirrors, uniq_maggie,
          uniq_crazy_yiuf_cottage, uniq_menkaure
D:7:      layout_layer_cave, enter_bailey_5
Temple:   hellmonk_temple_divided_pantheon

Skill      XL: |  1  2  3  4  5  6  7  8  9 |
---------------+----------------------------+-----
Stealth        | 3 |  3.0
Conjurations   | 6 7 8 9 |  9.7
Translocations | 1 3 |  3.6
Fighting       | 1 3 4 |  4.5
Hexes          | 1 4 |  4.0
Shields        | 3 4 |  4.3
Spellcasting   | 5 |  5.0
Dodging        | |  2.1

Action                     |  1- 3 |  4- 6 |  7- 9 || total
---------------------------+-------+-------+-------++-------
  Melee: Dagger            |       |     4 |       ||     4
         Peck              |       |     5 |       ||     5
         Whip              |       |    10 |     2 ||    12
         Kick              |       |     3 |       ||     3
  Throw: Dart              |       |     3 |       ||     3
   Cast: Magic Dart        |    77 |    56 |    41 ||   174
         Searing Ray       |     6 |    29 |    51 ||    86
         Iskenderun's Myst |       |       |    18 ||    18
         Fulminant Prism   |       |       |     5 ||     5
    Use: Scroll            |       |     2 |     5 ||     7
         Potion            |       |       |     5 ||     5
 Armour: Robe              |     1 |     2 |     2 ||     5
  Dodge: Dodged            |     5 |    26 |    29 ||    60

Table legend: (Time is in decaauts)
 A = Elapsed time spent in this place.
 B = Non-inter-level travel time spent in this place.
 C = Inter-level travel time spent in this place.
 D = Time resting spent in this place.
 E = Time spent auto-exploring this place.
 F = Levels seen in this place.
 G = Mean time per level.
                   A        B        C        D        E       F      G
               +--------+--------+--------+--------+--------+-----+--------+
         Total |   7578 |   7320 |    258 |   1323 |   4710 |   9 |  842.0 |
       Dungeon |   7115 |   6857 |    258 |   1219 |   4481 |   7 | 1016.4 |
        Temple |      7 |      7 |      0 |      0 |      0 |   1 |    7.0 |
         Sewer |    455 |    455 |      0 |    104 |    229 |   1 |  455.0 |
               +--------+--------+--------+--------+--------+-----+--------+

Top non-repeatable levels by time:
     D:5: 1685 daAuts
     D:1: 1275 daAuts
     D:2: 1231 daAuts
     D:4: 1068 daAuts
     D:6: 1024 daAuts
     D:3: 802 daAuts
   Sewer: 455 daAuts
     D:7: 27 daAuts
  Temple: 7 daAuts
